 Dungeon Crawl Stone Soup version 0.28-a0-533-g9f97627e2a (webtiles) character file.

Game seed: 17821561504624934036

85 heikuro the Skirmisher (level 4, 0/41 HPs)
             Began as a Minotaur Fighter on Sept 25, 2021.
             Slain by a hound (3 damage)
             ... on level 3 of the Dungeon.
             The game lasted 00:03:01 (1852 turns).

heikuro the Skirmisher (Minotaur Fighter)           Turns: 1852, Time: 00:03:01

Health: 0/41       AC:  7    Str: 21    XL:     4   Next: 25%
Magic:  3/3        EV:  9    Int:  5    God:
Gold:   101        SH:  4    Dex: 10    Spells: 3/3 levels left

rFire   . . .      SeeInvis .   a - +0 war axe
rCold   . . .      Faith    .   c - +0 buckler
rNeg    . . .      Spirit   .   b - +0 scale mail
rPois   .          Reflect  .   (helmet restricted)
rElec   .          Harm     .   (no cloak)
rCorr   .          Rampage  .   (no gloves)
Will    .....                   (no boots)
Stlth   ..........              h - amulet of magic regeneration
HPRegen 0.13/turn               (no ring)
MPRegen 0.33/turn               (no ring)

@: no status effects
A: horns 2, retaliatory headbutt
a: no special abilities


You were on level 3 of the Dungeon.
You visited 1 branch of the dungeon, and saw 3 of its levels.

You collected 101 gold pieces.

Inventory:

Hand Weapons
 a - a +0 war axe (weapon)
Armour
 b - a +0 scale mail (worn)
 c - a +0 buckler (worn)
Jewellery
 h - an amulet of magic regeneration (around neck)
Scrolls
 e - a scroll of magic mapping {unknown}
 g - a scroll of brand weapon {unknown}
 i - a scroll of summoning {unknown}
 j - a scroll of blinking {unknown}
 k - a scroll of identify {unknown}
Potions
 d - a potion of might
 f - a potion of degeneration {unknown}
 l - a potion of haste {unknown}


   Skills:
 + Level 4.3 Fighting
 * Level 4.1 Axes
 + Level 4.3 Armour
 - Level 4.0 Shields


You had 3 spell levels left.
You didn't know any spells.
Your spell library contained the following spells:

 Spells                   Type           Power      Damage    Failure   Level
 Magic Dart               Conj           0%         1d3       80%         1
 Call Imp                 Summ           0%         N/A       91%         2
 Mephitic Cloud           Conj/Pois/Air  0%         N/A       99%         3


Dungeon Overview and Level Annotations

Branches:
Dungeon (3/15)

Altars:
Trog


Innate Abilities, Weirdness & Mutations

You have a pair of horns on your head.
You reflexively headbutt those who attack you in melee.


Message History

You closely miss the orc wizard. You completely miss the bat.
The bat hits you but does no damage. The orc wizard casts a spell at you.
The magic dart hits you! The orc hits you with a +0 club.
* * * LOW HITPOINT WARNING * * *
The orc wizard closely misses you.
Your scale mail prevents you from hitting the orc.
The orc is lightly wounded.
You slash the orc wizard! You slash the orc!
You kill the orc!
You block the bat's attack. You block the orc's attack.
The bat completely misses you.
The orc wizard hits you but does no damage.
The orc hits you with a +0 club.
* * * LOW HITPOINT WARNING * * *
You closely miss the orc wizard.
The orc wizard is severely wounded.
You miss the bat. You closely miss the orc. The bat hits you.
* * * LOW HITPOINT WARNING * * *
The orc wizard hits you but does no damage.
The orc hits you with a +0 club.
* * * LOW HITPOINT WARNING * * *
You slash the orc wizard!
You kill the orc wizard!
You completely miss the orc. The bat hits you but does no damage.
The orc closely misses you.
A hound comes into view.
Your Axes skill increases to level 4!
You have reached level 4!
You feel agile.
Unknown command.
The hound barks!
You slash the orc!
You kill the orc!
Unknown command.
Unknown command.
You slash the hound! Your headbutt misses the hound.
The hound is severely wounded.
The hound closely misses you. The hound bites you.
You die...

#..# .....#.#.#
#..#
#..#.#.######.
#..#
#............
#..#
###.#........
...# #.########.
#.###
.#####...#.####
....+
.....!.........#
#.###
...######h#....#
#.# #..@)...#
#.# #..)).....#
#.# #...#.....#
..# #...#.....#
#.# #...# ....#
#.# ##'## ....#
#.# #.# ...# #.#
#. ...# #.####+


You could see a hound.

Vanquished Creatures
  An orc wizard (D:3)
  3 adders
  A worm (D:2)
  2 orcs (D:3)
  2 bats (D:3)
  4 endoplasms
  A giant cockroach (D:1)
  2 jackals (D:1)
  3 quokkas
  3 ball pythons
  2 frilled lizards
  4 kobolds
  A rat (D:2)
29 creatures vanquished.

Vanquished Creatures (others)
  13 plants (D:1)
  7 withered plants (D:1)
20 creatures vanquished.

Grand Total: 49 creatures vanquished

Notes
Turn   | Place    | Note
-------+----------+-------------------------------------------
     0 | D:1      | heikuro the Minotaur Fighter began the quest for the Orb.
     0 | D:1      | Reached XP level 1. HP: 19/19 MP: 0/0
   297 | D:1      | Found a faded altar of an unknown god.
   440 | D:1      | Reached XP level 2. HP: 27/27 MP: 1/1
  1198 | D:2      | Reached XP level 3. HP: 32/33 MP: 2/2
  1628 | D:3      | Found a bloodstained altar of Trog.
  1851 | D:3      | Reached XP level 4. HP: 3/41 MP: 3/3
  1852 | D:3      | Slain by a hound

Illustrated notes

Levels and vault maps discovered:
D:1:      moated_graveyard_arrival, layout_loops_ring,
          shapermc_ecumenical_altar_flowoftime
D:2:      layout_rooms, serial_forest, infiniplex_forest_lined_2,
          infiniplex_forest_end_2, infiniplex_forest_straight_1,
          infiniplex_forest_lined_3, infiniplex_forest_lined_room_3,
          infiniplex_forest_lined_room_3
D:3:      layout_basic, lemuel_tele_altar

Skill      XL: |  1  2  3 |
---------------+----------+-----
Axes           | 3 4 |  4.1
Fighting       | 4 |  4.3
Armour         | 4 |  4.3
Shields        | 4 |  4.0

Action                   |  1- 3 |  4- 6 || total
-------------------------+-------+-------++-------
Melee: War axe           |    92 |     2 ||    94
       Headbutt          |    16 |       ||    16
Armor: Scale mail        |    33 |       ||    33
Dodge: Dodged            |    45 |     1 ||    46
Block: Buckler           |    15 |       ||    15

Table legend: (Time is in decaauts)
 A = Elapsed time spent in this place.
 B = Non-inter-level travel time spent in this place.
 C = Inter-level travel time spent in this place.
 D = Time resting spent in this place.
 E = Time spent auto-exploring this place.
 F = Levels seen in this place.
 G = Mean time per level.
                   A        B        C        D        E       F      G
               +--------+--------+--------+--------+--------+-----+--------+
         Total |   1884 |   1829 |     55 |     70 |   1473 |   3 |  628.0 |
       Dungeon |   1884 |   1829 |     55 |     70 |   1473 |   3 |  628.0 |
               +--------+--------+--------+--------+--------+-----+--------+

Top non-repeatable levels by time:
     D:1: 817 daAuts
     D:2: 554 daAuts
     D:3: 512 daAuts
